details: 'hacker'

« prev index next »

General information

Mini Map

Players

team 1
NightElfZephyd (green | 140 APM | 2260 actions | 16:07)
Hero icon 4 Demon Hunter
Ability icon 2 Mana Burn
Ability icon 2 Evasion
Hero icon 3 Pandaren Brewmaster
Ability icon 2 Breath of Fire
Ability icon 1 Drunken Haze

» actions
Assign group hotkey83
Basic commands13
Build / train53
ESC pressed1
Enter build submenu19
Enter hero's abilities submenu7
Right click1392
Select / deselect281
Select group hotkey367
Use ability44
2260 total
» units
Wisp15
Archer7
Glaive Thrower1
Dryad4
Druid of the Claw7
34 total
» upgrades
Ultravision1
Reinforced Hides2
Druid of the Claw Training2
5 total
» buildings
Moon Well7
Altar of Elders1
Ancient of War1
Tree of Ages1
Hunter's Hall1
Ancient of Lore2
Tree of Life1
Tree of Eternity1
Ancient of Wonders1
16 total
» build order
00:06 Moon Well
00:09 Altar of Elders
00:20 Moon Well
01:09 Ancient of War
01:31 Moon Well
02:59 Tree of Ages
03:25 Moon Well
04:11 Hunter's Hall
04:30 Moon Well
05:57 Ancient of Lore
06:02 Ancient of Lore
06:08 Moon Well
07:59 Tree of Life
11:02 Tree of Eternity
12:29 Ancient of Wonders
14:16 Moon Well
» items
Staff of Preservation1
Potion of Healing1
2 total
team 2
Humandgill3 (blue | 73 APM | 1175 actions | 16:02)
Hero icon 4 Archmage
Ability icon 2 Blizzard
Ability icon 2 Brilliance Aura
Hero icon 3 Paladin
Ability icon 2 Holy Light
Ability icon 1 Divine Shield

» actions
Assign group hotkey33
Basic commands5
Build / train52
ESC pressed2
Enter build submenu32
Enter hero's abilities submenu7
Remove unit from queue1
Right click462
Select / deselect257
Select group hotkey253
Use ability71
1175 total
» units
Peasant11
Rifleman7
Mortar Team5
Spell Breaker6
Flying Machine1
30 total
» upgrades
Lumber Harvesting1
Plating1
2 total
» buildings
Altar of Kings1
Farm11
Blacksmith1
Barracks1
Lumber Mill1
Scout Tower6
Guard Tower4
Keep1
Arcane Vault1
Workshop2
Arcane Sanctum1
Castle1
31 total
» build order
00:12 Altar of Kings
00:17 Farm
00:51 Blacksmith
01:11 Barracks
01:33 Farm
01:58 Lumber Mill
02:30 Scout Tower
02:34 Farm
03:20 Scout Tower
03:22 Farm
03:43 Farm
03:45 Scout Tower
04:11 Guard Tower
04:14 Scout Tower
04:44 Guard Tower
05:13 Keep
06:00 Scout Tower
06:29 Guard Tower
06:36 Scout Tower
07:04 Guard Tower
07:07 Arcane Vault
07:12 Farm
08:13 Workshop
08:21 Workshop
08:42 Farm
08:48 Arcane Sanctum
10:13 Farm
10:24 Farm
12:18 Castle
12:42 Farm
13:01 Farm
» items
Scroll of Regeneration1
1 total